 Seeded DCSS version 0.29-a0-789-g7a8fcbc185 (webtiles) character file.

Game seed: 5608337019566272163 (custom seed)

1313 happo123 the Shooter (level 8, -1/70 (71) HPs)
             Began as a Minotaur Hunter on July 2, 2022.
             Was an Initiate of Ru.
             Shot with an arrow by a centaur (8 damage)
             ... on level 5 of the Dungeon.
             The game lasted 00:36:08 (4690 turns).

happo123 the Shooter (Minotaur Hunter)              Turns: 4690, Time: 00:36:08

HP:   -1/70 (71)    AC: 10    Str: 16    XL:     8   Next: 32%
MP:   7/7           EV:  8    Int:  6    God:    Ru [......]
Gold: 281           SH:  0    Dex: 16    Spells: 7/7 levels left

rFire   . . .      SeeInvis .   a - +0 shortbow (venom)
rCold   . . .      Faith    .   (shield currently unavailable)
rNeg    . . .      Spirit   .   l - +0 chain mail
rPois   .          Reflect  .   (helmet restricted)
rElec   .          Harm     .   (no cloak)
rCorr   +          Rampage  .   (no gloves)
Will    .....                   w - +0 pair of boots
Stlth   ..........              (no amulet)
HPRegen 0.21/turn               t - ring of resist corrosion
MPRegen 0.10/turn               (no ring)

@: lightly drained
A: horns 2, retaliatory headbutt
a: Renounce Religion


You were on level 5 of the Dungeon.
You worshipped Ru.
Ru was noncommittal.
You visited 2 branches of the dungeon, and saw 7 of its levels.
You also visited: Sewer.

You collected 281 gold pieces.

Inventory:

Hand Weapons
 a - a +0 shortbow of venom (weapon)
 h - a +0 hand axe
 x - a +3 flail of protection
Armour
 c - a +0 leather armour
 e - a +0 plate armour
 l - a +0 chain mail (worn)
 w - a +0 pair of boots (worn)
 B - a +0 ring mail of fire resistance
Magical Staves
 z - a staff of death
Jewellery
 k - an amulet of faith
 t - a ring of resist corrosion (left hand)
Wands
 n - a wand of mindburst (8)
 r - a wand of charming (4)
 v - a wand of iceblast (9)
 C - a wand of flame (5)
 E - a wand of digging (4)
 I - a wand of polymorph (3)
Scrolls
 b - 4 scrolls of immolation
 g - 2 scrolls of identify
 i - 3 scrolls of poison
 m - a scroll of vulnerability {unknown}
 o - a scroll of enchant armour {unknown}
 s - a scroll of fear {unknown}
 y - a scroll of blinking {unknown}
 A - a scroll of fog {unknown}
 F - a scroll of teleportation
Potions
 d - a potion of mutation {unknown}
 f - a potion of attraction {unknown}
 j - 2 potions of curing {unknown}
 p - a potion of might {unknown}
 q - a potion of brilliance {unknown}
 u - 2 potions of degeneration
 D - a potion of haste {unknown}
 G - a potion of lignification {unknown}
 H - a potion of flight {unknown}


   Skills:
 * Level 6.8 Fighting
 - Level 2.9(3.4) Axes
 + Level 2.7(3.3) Maces & Flails
 * Level 7.5 Ranged Weapons
 + Level 4.2 Armour
 + Level 4.5 Dodging
 - Level 1.0 Stealth


You had 7 spell levels left.
You didn't know any spells.
Your spell library contained the following spells:

 Spells                   Type           Power      Damage    Failure   Level
 Beastly Appendage        Tmut           0%         N/A       100%        1
 Freeze                   Ice            0%         1d3       100%        1
 Sting                    Tmut/Pois      0%         1d3       100%        1
 Summon Small Mammal      Summ           0%         N/A       100%        1
 Poisonous Vapours        Pois/Air       0%         N/A       100%        2
 Scorch                   Fire           0%         2d5       100%        2
 Wereblood                Tmut           0%         N/A       100%        2
 Call Canine Familiar     Summ           0%         N/A       100%        3
 Frozen Ramparts          Ice            0%         1d2       100%        3
 Spider Form              Tmut/Pois      0%         N/A       100%        3
 Summon Guardian Golem    Hex/Summ       0%         N/A       100%        3
 Flame Wave               Conj/Fire      0%         2d4       100%        4
 Hailstorm                Conj/Ice       0%         3d3       100%        4
 Olgreb's Toxic Radiance  Pois           0%         N/A       100%        4
 Summon Cactus Giant      Summ           0%         N/A       100%        6


Dungeon Overview and Level Annotations

Branches:
Dungeon (6/15)             Temple (1/1) D:5           Sewer (visited)

Altars:
Ashenzari
Cheibriados
Dithmenos
Elyvilon
Fedhas
Gozag
Hepliaklqana
Kikubaaqudgha
Makhleb
Nemelex Xobeh
Qazlal
Ru
Sif Muna
Trog
Uskayaw
Vehumet
Wu Jian
Yredelemnul
Zin
The Shining One

Shops:
D:3 :


Innate Abilities, Weirdness & Mutations

You have a pair of horns on your head.
You reflexively headbutt those who attack you in melee.


Message History

The wight is almost destroyed.
The wight hits you with a +3 spear.
You sock the wight!
You destroy the wight!
Your life force feels restored.
There is a stone staircase leading up here.
The wight hits you from afar with a +0 spear.
You feel drained.
You climb upwards.
The centaur shouts!
The centaur wields a +0 shortbow.
The centaur shoots an arrow.
The arrow hits you!
* * * LOW HITPOINT WARNING * * *
There is a stone staircase leading down, spattered with blood here.
Your +3 flail of protection goes still.
Your +0 shortbow of venom begins to drip with poison!
a - a +0 shortbow of venom (weapon)
Fire: a) +0 shortbow (venom)
Press: ? - help, Q - select action, (/) - cycle Shift-Dir - straight line, f - centaur
Aim: a centaur, wielding a +0 shortbow You shoot an arrow.
The arrow barely misses the centaur.
The centaur shoots an arrow.
The arrow hits you!
* * * LOW HITPOINT WARNING * * *
Fire: a) +0 shortbow (venom)
Press: ? - help, Q - select action, (/) - cycle Shift-Dir - straight line, f/p - centaur
Aim: a centaur, wielding a +0 shortbow You shoot an arrow.
The arrow hits the centaur.
The centaur is poisoned.
The centaur is lightly wounded.
The centaur shoots an arrow.
The arrow hits you.
* * * LOW HITPOINT WARNING * * *
The centaur shoots an arrow.
The arrow hits you but does no damage.
Fire: a) +0 shortbow (venom)
Press: ? - help, Q - select action, (/) - cycle Shift-Dir - straight line, f/p - centaur
Aim: a centaur, wielding a +0 shortbow (lightly wounded, very poisoned)
You shoot an arrow. The arrow hits the centaur!
The centaur looks as sick as possible!
The centaur is heavily wounded.
The centaur shoots an arrow.
The arrow hits you but does no damage.
The centaur shoots an arrow.
The arrow hits you!
You die...

#..#####.#...........##.##..#
...#####............#..#..###
...#.....)...............##
........##...............#
..###....#........##....##
..##.......##c....#....##
..###..............#.###
#.##.......##......###
###..†..........@.### #
##................#
####...........###..##
..#..........#..##...#
...#...........####.###
.......#....#..# #....#
............#..###..###
####........#....#..##
###..#######......###


You could see a centaur (extremely poisoned).

Vanquished Creatures
  Prince Ribbit (D:5)
  Eustachio (D:5)
  The ghost of Pooter the Shooter, an amateur MiHu (D:3)
  2 bullfrogs (Sewer)
  2 scorpions (D:5)
  3 wights (D:6)
  2 howler monkeys (D:4)
  A bouda (D:5)
  2 jellies
  Ijyb (D:5)
  Jessica (D:3)
  An iguana (D:4)
  4 gnolls (D:5)
  10 adders
  A white imp (D:5)
  4 worms
  6 dart slugs
  3 orcs
  13 ball pythons
  8 endoplasms
  6 giant cockroaches
  6 goblins
  5 hobgoblins
  A jackal (D:2)
  6 quokkas
  3 bats
  8 frilled lizards
  5 kobolds
  2 rats
109 creatures vanquished.

Vanquished Creatures (others)
  A plant (D:3)
1 creature vanquished.

Grand Total: 110 creatures vanquished

Notes
Turn   | Place    | Note
-------+----------+-------------------------------------------
     0 | D:1      | happo123 the Minotaur Hunter began the quest for the Orb.
     0 | D:1      | Reached XP level 1. HP: 18/18 MP: 0/0
   238 | D:1      | Reached XP level 2. HP: 25/25 MP: 1/1
   303 | D:1      | Reached skill level 1 in Stealth
   368 | D:1      | Found a faded altar of an unknown god.
   894 | D:2      | Reached XP level 3. HP: 23/31 MP: 2/2
  1121 | D:2      | Reached skill level 1 in Axes
  1121 | D:2      | Reached skill level 1 in Armour
  1144 | D:2      | Reached skill level 5 in Ranged Weapons
  1410 | D:3      | Found a large runed translucent door.
  1415 | D:3      | Found a large runed translucent door.
  1423 | D:3      | Noticed Pooter's ghost (amateur MiHu)
  1466 | D:3      | Reached XP level 4. HP: 38/38 MP: 3/3
  1543 | D:3      | Noticed Jessica
  1547 | D:3      | Killed Jessica
  1713 | D:3      | Noticed a +0 falchion
  1713 | D:3      | Noticed a +0 dagger
  1715 | D:3      | Noticed a +0 short sword
  1715 | D:3      | Noticed a +0 spear
  1715 | D:3      | Noticed a +0 dagger
  1717 | D:3      | Noticed a +0 falchion
  1718 | D:3      | Noticed a +0 short sword
  1720 | D:3      | Noticed a +0 spear
  1722 | D:3      | Found a hide-covered altar of Uskayaw.
  1965 | D:3      | Found Zotuah's Book Boutique.
  2275 | D:3      | Killed Pooter's ghost
  2276 | D:3      | Reached XP level 5. HP: 22/46 MP: 4/4
  2493 | D:4      | Found a glowing drain.
  2516 | Sewer    | Entered a sewer
  2593 | Sewer    | Reached XP level 6. HP: 53/53 MP: 5/5
  2744 | Sewer    | Reached skill level 6 in Ranged Weapons
  2753 | Sewer    | Reached skill level 5 in Fighting
  3199 | D:4      | Found an opulent altar of Gozag.
  3200 | D:4      | Found a broken altar of Ashenzari.
  3226 | D:4      | Reached XP level 7. HP: 61/61 MP: 6/6
  3698 | D:5      | Entered Level 5 of the Dungeon
  3760 | D:5      | Noticed Prince Ribbit
  3768 | D:5      | Killed Prince Ribbit
  3769 | D:5      | Reached skill level 1 in Maces & Flails
  4036 | D:5      | Noticed Eustachio
  4053 | D:5      | Killed Eustachio
  4054 | D:5      | Reached skill level 7 in Ranged Weapons
  4064 | D:5      | Noticed Ijyb
  4081 | D:5      | Killed Ijyb
  4082 | D:5      | Reached XP level 8. HP: 71/71 MP: 7/7
  4146 | D:5      | Found a staircase to the Ecumenical Temple.
  4155 | Temple   | Entered the Ecumenical Temple
  4406 | Temple   | Became a worshipper of Ru the Awakened
  4690 | D:5      | Shot with an arrow by a centaur

Illustrated notes

Levels and vault maps discovered:
D:1:      lightli_arrival_boilingwater, layout_loops_cross,
          shapermc_ecumenical_altar_acropolis, chequers_serial_rivers_large_b
D:2:      layout_basic, kennysheep_generic_room_12
D:3:      minmay_wonky_spiral, layout_loops_ring, nicolae_uskayaw_en_pointe,
          serial_shops, shop, ebering_ghost_disaster_area, serial_bayou,
          serial_bayou_ford_a, serial_bayou_pond_c, serial_bayou_crossing,
          serial_bayou_lagoon_a, uniq_jessica
D:4:      layout_basic, mainiacjoe_overflow_divided_tiny,
          cheibrodos_sewer_entry_drain
D:5:      layout_cave_pools, temple_hall, grunt_decor_one_mirror,
          uniq_prince_ribbit1, uniq_ijyb, uniq_eustachio
D:6:      layout_cave_pools, serial_gnoll_camp, gnoll_camp_huts_basic,
          gnoll_camp_mini_house, gnoll_camp_mini_basic, gnoll_camp_mini_basic,
          gnoll_camp_mini_hut, gnoll_camp_mini_house, hex_large
Temple:   minmay_crystal_spiral_temple

Skill      XL: |  1  2  3  4  5  6  7  8 |
---------------+-------------------------+-----
Stealth        | 1 |  1.0
Fighting       | 3 4 5 6 |  6.8
Axes           | 1 2 |  2.9
Armour         | 1 2 3 4 |  4.2
Ranged Weapons | 5 6 7 |  7.5
Dodging        | 3 4 |  4.5
Maces & Flails | 2 |  2.7

Action                   |  1- 3 |  4- 6 |  7- 9 || total
-------------------------+-------+-------+-------++-------
Melee: Hand axe          |    39 |    55 |     8 ||   102
       Headbutt          |     4 |    10 |     8 ||    22
       Punch             |       |     1 |     1 ||     2
       Flail             |       |     5 |    20 ||    25
       Unarmed           |       |       |    12 ||    12
 Fire: Shortbow          |    62 |    95 |    60 ||   217
  Use: Scroll            |     1 |     4 |     1 ||     6
 Stab: Confused          |       |       |     1 ||     1
Armor: Plate armour      |    21 |       |       ||    21
       Chain mail        |    25 |    53 |    28 ||   106
Dodge: Dodged            |    23 |    34 |    17 ||    74

Table legend: (Time is in decaauts)
 A = Elapsed time spent in this place.
 B = Non-inter-level travel time spent in this place.
 C = Inter-level travel time spent in this place.
 D = Time resting spent in this place.
 E = Time spent auto-exploring this place.
 F = Levels seen in this place.
 G = Mean time per level.
                   A        B        C        D        E       F      G
               +--------+--------+--------+--------+--------+-----+--------+
         Total |   5002 |   4130 |    872 |      0 |   2888 |   8 |  625.2 |
       Dungeon |   3906 |   3142 |    764 |      0 |   2425 |   6 |  651.0 |
        Temple |    340 |    232 |    108 |      0 |    216 |   1 |  340.0 |
         Sewer |    755 |    755 |      0 |      0 |    246 |   1 |  755.0 |
               +--------+--------+--------+--------+--------+-----+--------+

Top non-repeatable levels by time:
     D:3: 1183 daAuts
     D:1: 821 daAuts
   Sewer: 755 daAuts
     D:4: 663 daAuts
     D:5: 619 daAuts
     D:2: 562 daAuts
  Temple: 340 daAuts
     D:6: 56 daAuts
